 Dungeon Crawl Stone Soup version 0.29-a0-323-g050149af67 (webtiles) character file.

Game seed: 18086411734350902767

70 Ajdolov the Ruffian (level 4, -2/40 HPs)
             Began as a Ghoul Cinder Acolyte on Apr 10, 2022.
             Was a High Priest of Ignis.
             Slain by a gnoll
             ... wielding a +0 spear
              (4 damage)
             ... on level 2 of the Dungeon.
             The game lasted 00:02:32 (2054 turns).

Ajdolov the Ruffian (Ghoul Cinder Acolyte)          Turns: 2054, Time: 00:02:33

Health: -2/40      AC:  5    Str: 19    XL:     4   Next: 22%
Magic:  4/4        EV: 10    Int:  9    God:    Ignis [*****.]
Gold:   148        SH:  0    Dex:  4    Spells: 3/5 levels left

rFire   + . .      SeeInvis .     - Unarmed
rCold   + . .      Faith    .   (no shield)
rNeg    + + +      Spirit   .   i - +0 ring mail
rPois   ∞          Reflect  .   (no helmet)
rElec   .          Harm     .   (no cloak)
rCorr   .          Rampage  .   (no gloves)
Will    .....                   (no boots)
Stlth   ..........              (no amulet)
HPRegen 0.00/turn               (no ring)
MPRegen 0.09/turn               (no ring)

@: inhibited regen
A: claws 1, cold resistance 1, negative energy resistance 3, inhibited
regeneration, torment resistance 2, devour on kill
a: Renounce Religion, Fiery Armour, Foxfire Swarm, Rising Flame


You were on level 2 of the Dungeon.
You worshipped Ignis.
Ignis was extremely pleased with you.
You visited 1 branch of the dungeon, and saw 2 of its levels.

You collected 148 gold pieces.

Inventory:

Armour
 i - a +0 ring mail (worn)
Scrolls
 b - 3 scrolls of enchant weapon {unknown}
 d - 2 scrolls of noise {unknown}
 e - a scroll of identify {unknown}
 g - a scroll of amnesia {unknown}
Potions
 c - a potion of mutation {unknown}
 f - a potion of might {unknown}
 h - a potion of lignification {unknown}


   Skills:
 + Level 4.1 Fighting
 * Level 4.9 Unarmed Combat
 - Level 1.0 Spellcasting
 - Level 2.4 Fire Magic


You had 3 spell levels left.
You knew the following spells:

 Your Spells              Type           Power      Damage    Failure   Level
a - Scorch                Fire           8%         2d5       36%         2

Your spell library contained the following spells:

 Spells                   Type           Power      Damage    Failure   Level


Dungeon Overview and Level Annotations

Branches:
Dungeon (2/15)

Altars:


Innate Abilities, Weirdness & Mutations

You are immune to poison.
You have sharp fingernails.
Your flesh is cold resistant. (rC+)
You are immune to negative energy. (rN+++)
You do not regenerate when monsters are visible.
You are immune to unholy pain and torment.
You thrive by killing the living.


Message History

No target in view!
No target in view! 2 gnolls come into view.
The gnoll shouts! x2
A dart slug and a gnoll come into view.
The gnoll shouts!
There is a stone staircase leading up here.
The gnoll closely misses you. The gnoll hits you with a +0 spear.
You scratch the gnoll.
The gnoll is heavily wounded.
The gnoll hits you with a +0 spear!
You claw the gnoll!
You kill the gnoll!
The gnoll barely misses you.
Things that are here:
a +0 spear; a gnoll corpse The gnoll hits you with a +0 spear!
You closely miss the gnoll. You completely miss the gnoll.
The gnoll hits you with a +0 spear.
You scratch the gnoll.
The gnoll is heavily wounded.
The gnoll barely misses you. The gnoll hits you with a +0 spear.
You closely miss the gnoll.
The gnoll is heavily wounded.
The gnoll misses you. The gnoll closely misses you.
You scratch the gnoll.
The gnoll is severely wounded.
The gnoll hits you from afar with a +0 spear.
* * * LOW HITPOINT WARNING * * *
The gnoll barely misses you.
You scratch the gnoll. Your claw misses the gnoll.
The gnoll is almost dead.
The gnoll misses you. The dart slug barely misses you. The gnoll misses you.
You closely miss the gnoll. Your claw misses the gnoll.
The gnoll is almost dead.
The gnoll hits you from afar with a +0 spear!
* * * LOW HITPOINT WARNING * * *
The gnoll hits you with a +0 spear.
You die...

#.........# ..(.
#.....)...+....
#.........#...
#.........#..
#.........#.#
#...........#
#...#g#.##.)#
#(...g#..w..#
#.#.#@#..#..# #####
#.#.#.w..#..# #....
#.#.#.#..#..# ###.g..
#.#......#g.####......
#.##..)............w..
#.##..................
#.##.............##...
#..+........##'#######
####........#.........


You could see 2 gnolls and a dart slug.

Vanquished Creatures
  A gnoll (D:2)
  A worm (D:2)
  5 dart slugs
  3 ball pythons
  4 bats (D:1)
  5 endoplasms
  A giant cockroach (D:1)
  3 goblins (D:1)
  5 hobgoblins
  2 jackals (D:2)
  6 kobolds
  2 quokkas
  2 frilled lizards
  2 rats
42 creatures vanquished.

Notes
Turn   | Place    | Note
-------+----------+-------------------------------------------
     0 | D:1      | Ajdolov the Ghoul Cinder Acolyte began the quest for the
                  | Orb.
     0 | D:1      | Reached XP level 1. HP: 19/19 MP: 1/1
   316 | D:1      | Reached XP level 2. HP: 26/26 MP: 2/2
   609 | D:1      | Learned a level 2 spell: Scorch
   753 | D:1      | Reached XP level 3. HP: 33/33 MP: 3/3
  1942 | D:2      | Reached XP level 4. HP: 37/40 MP: 4/4
  2054 | D:2      | HP: 2/40 [gnoll/+0 spear (8)]
  2054 | D:2      | Slain by a gnoll

Illustrated notes

Levels and vault maps discovered:
D:1:      tarquinn_simple_flora_water_f, layout_loops_cross, minmay_octomino_c4
D:2:      layout_basic, grunt_decor_cap

Skill      XL: |  1  2  3 |
---------------+----------+-----
Unarmed Combat | 4 |  4.9
Fighting       | 4 |  4.1
Spellcasting   | |  1.0
Fire Magic     | |  2.4

Action                   |  1- 3 |  4- 6 || total
-------------------------+-------+-------++-------
Melee: Unarmed           |   148 |    11 ||   159
       Punch             |     2 |       ||     2
Armor: Robe              |    36 |       ||    36
       Ring mail         |     4 |       ||     4
Dodge: Dodged            |    69 |    10 ||    79

Table legend: (Time is in decaauts)
 A = Elapsed time spent in this place.
 B = Non-inter-level travel time spent in this place.
 C = Inter-level travel time spent in this place.
 D = Time resting spent in this place.
 E = Time spent auto-exploring this place.
 F = Levels seen in this place.
 G = Mean time per level.
                   A        B        C        D        E       F      G
               +--------+--------+--------+--------+--------+-----+--------+
         Total |   2042 |   2029 |     13 |      0 |   1696 |   2 | 1021.0 |
       Dungeon |   2042 |   2029 |     13 |      0 |   1696 |   2 | 1021.0 |
               +--------+--------+--------+--------+--------+-----+--------+

Top non-repeatable levels by time:
     D:1: 1188 daAuts
     D:2: 854 daAuts
